Map: 幽暗之塔

Players

Expect - Winner!

  • Race: Terran Terran
  • League: Master

Sen

  • Race: Zerg Zerg
  • League: Master

Event: 2016 WCS Winter Challenger Taiwan

VOD

Have the link to the VOD?

Description

Time

  • Played on: Jan. 9, 2016, 4:16 a.m.
  • Length: 5:17

All games in this series

Show
View Real Time Build Order
Export as new Build Order

Expect Terran - Winner!

Build Orders: 1/1/1, Liberator Opening 

Get SALT Encoding   

  12  0:01  SCV  
  13  0:13  SCV  
  14  0:17  Supply Depot  
  14  0:25  SCV  
  15  0:39  SCV  
  15  0:40  Barracks  
  16  0:44  Refinery  
  16  0:51  SCV  
  16  0:53  Refinery  
  17  1:03  SCV  
  18  1:15  SCV  
  19  1:27  Marine  
  19  1:28  Orbital Command  
  20  1:33  Factory  
  20  1:47  Supply Depot  
  20  1:50  Barracks Reactor  
  20  1:54  SCV  
  21  2:06  SCV  
  22  2:18  Widow Mine, SCV  
  22  2:19  Starport  
  25  2:29  Supply Depot, Marine x2  
  27  2:47  Marine x2  
  29  2:55  Medivac  
  31  2:58  Command Center  
  31  3:04  SCV  
  31  3:05  Marine  
  33  3:11  Liberator  
  33  3:15  Supply Depot  
  33  3:16  SCV  
  34  3:23  Marine x2  
  36  3:33  Factory Tech Lab  
  39  3:38  SCV  
  39  3:40  Marine  
  39  3:41  Marine  
  42  3:49  Supply Depot  
  42  3:50  SCV  
  43  3:58  Siege Tank  
  43  4:02  SCV  
  47  4:10  Marine x2  
  47  4:16  Orbital Command  
  47  4:30  Siege Tank, Marine x2  
  52  4:34  SCV  
  53  4:44  SCV  
  54  4:46  SCV  
  48  4:56  SCV  
  48  4:58  SCV  
Show
View Real Time Build Order
Export as new Build Order

Sen Zerg 

Build Orders: Hatch First, Roach Nydus 

Get SALT Encoding   

  12  0:01  Drone  
  13  0:08  Drone  
  14  0:17  Overlord  
  14  0:24  Drone, Extractor  
  15  0:36  Drone x2  
  17  0:44  Drone  
  18  0:56  Drone  
  19  1:00  Hatchery  
  18  1:06  Drone, Extractor  
  18  1:19  Spawning Pool  
  18  1:22  Drone  
  18  1:28  Drone  
  19  1:39  Overlord  
  19  1:50  Drone  
  20  2:06  Queen  
  20  2:07  Zergling x2  
  23  2:12  Queen  
  25  2:16  Zergling x2  
  25  2:17  Drone  
  27  2:24  Drone x2  
  29  2:32  Overlord  
  29  2:34  Drone  
  30  2:45  Lair  
  30  2:46  Overlord  
  30  2:48  Drone, Extractor  
  30  2:55  Drone x2  
  32  3:00  Queen  
  34  3:07  Drone  
  35  3:13  Drone  
  35  3:14  Drone x2  
  35  3:16  Drone x2  
  40  3:20  Roach Warren  
  40  3:21  Drone  
  40  3:23  Drone  
  41  3:28  Overlord  
  41  3:32  Drone  
  42  3:48  Nydus Network  
  42  3:49  Overlord  
  41  3:59  Roach x2  
  41  4:00  Roach x3  
  41  4:01  Roach  
  53  4:04  Roach  
  55  4:10  Overseer  
  55  4:12  Roach  
  55  4:13  Roach  
  57  4:30  Nydus Canal  
  57  4:33  Roach  
  59  4:39  Roach, Queen  
  59  4:42  Roach  
  59  4:43  Overlord  
  57  4:59  Drone x4  
Tags
 
Add a new tag
Caveats
  • Supply blocks, unpowered buildings, or Contaminate may cause inaccurate times.
  • Supply counts are checked every 10 seconds.